 Dungeon Crawl Stone Soup version 0.23.0 (webtiles) character file.

Game seed: 14768763277921181665

1130 Murks the Insei (level 8, 0/81 HPs)
             Began as a Merfolk Transmuter on Feb 18, 2019.
             Was an Initiate of Okawaru.
             Succumbed to a killer bee's poison
             ... on level 7 of the Dungeon.
             The game lasted 00:28:01 (9165 turns).

Murks the Insei (Merfolk Transmuter)                Turns: 9165, Time: 00:28:02

Health: 0/81       AC:  6    Str: 15    XL:     8   Next: 36%
Magic:  14/14      EV: 13    Int: 14    God:    Okawaru [......]
Gold:   390        SH:  0    Dex: 15    Spells: 5/15 levels left

rFire    + . .     SeeInvis .     - Unarmed
rCold    . . .     Gourm    .   (no shield)
rNeg     . . .     Faith    .   r - +0 robe {rF+}
rPois    .         Spirit   .   (no helmet)
rElec    .         Reflect  .   e - +2 cloak
rCorr    .         Harm     .   (no gloves)
MR       .....                  f - +0 pair of boots (curse)
Stlth    ..........             (no amulet)
HPRegen  0.23/turn              (no ring)
MPRegen  0.14/turn              (no ring)

@: berserking, lethally poisoned (0 -> -23), appendage, very quick
A: change form in water, swift swim, stealthy swim, horns 2
a: End Transformation, Renounce Religion


You were on level 7 of the Dungeon.
You worshipped Okawaru.
Okawaru was noncommittal.
You were not hungry.
You had grown temporary horns.
You visited 2 branches of the dungeon, and saw 8 of its levels.

You collected 390 gold pieces.

Inventory:

Hand Weapons
 y - a +0 hunting sling
Missiles
 a - 69 arrows
 k - 159 stones
 x - 6 tomahawks (quivered)
Armour
 e - a +2 cloak (worn)
 f - a cursed +0 pair of boots (worn)
 m - a +2 helmet
 r - a +0 robe of fire resistance (worn)
Wands
 u - a wand of flame (2)
 z - a wand of polymorph (7)
 C - a wand of acid (6)
Scrolls
 b - a scroll of amnesia {unknown}
 c - a scroll of identify
 g - 2 scrolls of enchant weapon {unknown}
 j - 5 scrolls of teleportation {unknown}
 p - 6 scrolls of remove curse
 q - 2 scrolls of immolation {unknown}
 w - a scroll of fear {unknown}
Potions
 i - a potion of magic {unknown}
 l - a potion of brilliance {unknown}
 n - a potion of invisibility {unknown}
 o - 2 potions of curing {unknown}
 s - 3 potions of flight {unknown}
 t - a potion of berserk rage
 v - 2 potions of haste {unknown}
 A - a potion of lignification {unknown}
Comestibles
 d - 6 rations


   Skills:
 - Level 1.1 Fighting
 + Level 3.3 Dodging
 - Level 7.0 Unarmed Combat
 - Level 4.0 Spellcasting
 - Level 5.0 Transmutations
 - Level 6.0 Poison Magic


You had 5 spell levels left.
You knew the following spells:

 Your Spells              Type           Power        Failure   Level  Hunger
a - Beastly Appendage     Tmut           ###...       2%          1    None
b - Spider Form           Tmut/Pois      ###.......   6%          3    ###....
c - Sticks to Snakes      Tmut           ###.....     3%          2    ##.....
d - Ice Form              Ice/Tmut       #.......     56%         4    ####...

Your spell library contained the following spells:

 Spells                   Type           Power        Failure   Level  Hunger
 Poisonous Vapours        Pois/Air       ##....       9%          2    ##.....
 Mephitic Cloud           Conj/Pois/Air  #.......     26%         3    ###....
 Conjure Flame            Conj/Fire      #.......     50%         3    ###....
 Blade Hands              Tmut           ###.......   56%         5    ######.
 Freezing Cloud           Conj/Ice/Air   #.........   100%        6    #######
 Ring of Flames           Chrm/Fire      #.........   100%        7    #######


Dungeon Overview and Level Annotations

Branches:
Dungeon (7/15)             Temple (1/1) D:5

Altars:
Ashenzari
Cheibriados
Dithmenos
Elyvilon
Fedhas
Gozag
Kikubaaqudgha
Makhleb
Okawaru
Ru
Trog
Wu Jian
Xom
Yredelemnul
Zin
The Shining One


Innate Abilities, Weirdness & Mutations

You revert to your normal form in water You are very nimble and swift while swimming.
You are very stealthy in the water. (Stealth+)
You have a pair of horns on your head.


Message History

You feel sick. The killer bee stings you.
* * * LOW HITPOINT WARNING * * *
The jackal skeleton closely misses you.
The killer bee stings you but does no damage.
You miss the killer bee.
* * * LOW HITPOINT WARNING * * *
You feel sick. The killer bee stings you!
* * * LOW HITPOINT WARNING * * *
The killer bee closely misses you. The jackal skeleton bites you.
* * * LOW HITPOINT WARNING * * *
You miss the killer bee.
* * * LOW HITPOINT WARNING * * *
You feel sick. The killer bee stings you.
* * * LOW HITPOINT WARNING * * *
The killer bee stings you.
* * * LOW HITPOINT WARNING * * *
You are more poisoned.
The killer bee poisons you! The killer bee closely misses you.
You closely miss the killer bee.
You die...

.# ## #. .. ..
# # #. .#
#.#.##.##.#
..........#
#....yy##
#....@..#
......Z...#
?##..........
#..(........#
...#.........#
..............#
.##.#.........#
....#.......#


You could see 2 killer bees and a jackal skeleton.

Vanquished Creatures
  A sky beast (D:5)
  A phantom (D:5)
  An ogre (D:4)
  A gnoll sergeant (D:5)
  A killer bee (D:7)
  3 electric eels (D:5)
  A centaur zombie (D:5)
  4 hounds
  A jelly (D:6)
  An orc priest (D:4)
  An orc wizard (D:4)
  3 iguanas
  2 worker ants
  2 hound skeletons (D:6)
  A worker ant zombie (D:6)
  Robin (D:2)
  3 gnolls (D:5)
  7 adders
  An ooze (D:4)
  An adder skeleton (D:5)
  2 worms
  2 leopard geckos
  14 orcs
  10 bats
  5 giant cockroaches
  21 goblins
  11 hobgoblins
  4 jackals (D:4)
  2 quokkas
  6 frilled lizards
  8 kobolds
  8 rats
130 creatures vanquished.

Vanquished Creatures (collateral kills)
  Jessica (D:2)
1 creature vanquished.

Vanquished Creatures (others)
  A plant (D:5)
1 creature vanquished.

Grand Total: 132 creatures vanquished

Notes
Turn   | Place    | Note
-------+----------+-------------------------------------------
     0 | D:1      | Murks the Merfolk Transmuter began the quest for the Orb.
     0 | D:1      | Reached XP level 1. HP: 15/15 MP: 3/3
   196 | D:1      | Reached XP level 2. HP: 20/21 MP: 3/5
   217 | D:1      | Reached skill level 4 in Unarmed Combat
   536 | D:1      | Reached XP level 3. HP: 26/26 MP: 6/6
  1035 | D:2      | Reached skill level 5 in Unarmed Combat
  1247 | D:2      | Noticed Robin
  1248 | D:2      | Reached XP level 4. HP: 29/32 MP: 7/7
  1262 | D:2      | Killed Robin
  1414 | D:2      | Learned a level 3 spell: Spider Form
  2045 | D:2      | Noticed Jessica
  2051 | D:2      | Learned a level 2 spell: Sticks to Snakes
  2063 | D:2      | Reached skill level 1 in Poison Magic
  2063 | D:2      | Killed Jessica
  2066 | D:2      | Reached XP level 5. HP: 35/37 MP: 1/8
  2871 | D:3      | Found an ancient bone altar of Kikubaaqudgha.
  3193 | D:4      | Noticed a phantom
  3335 | D:4      | Reached skill level 6 in Unarmed Combat
  3335 | D:4      | Reached XP level 6. HP: 29/43 MP: 6/9
  3745 | D:4      | You fall through a shaft!
  3745 | D:5      | Entered Level 5 of the Dungeon
  3764 | D:5      | Noticed a sky beast
  3784 | D:5      | Killed a sky beast
  4420 | D:4      | Found a burning altar of Makhleb.
  4599 | D:4      | Reached skill level 5 in Transmutations
  4599 | D:4      | Reached XP level 7. HP: 17/48 MP: 5/10
  5278 | D:5      | Reached skill level 5 in Poison Magic
  5523 | D:5      | Found a staircase to the Ecumenical Temple.
  5535 | Temple   | Entered the Ecumenical Temple
  5540 | Temple   | Became a worshipper of Warmaster Okawaru
  6360 | D:5      | Learned a level 4 spell: Ice Form
  7758 | D:5      | Reached XP level 8. HP: 38/54 MP: 10/14
  8650 | D:6      | Found an iron altar of Okawaru.
  9122 | D:6      | Reached skill level 7 in Unarmed Combat
  9164 | D:7      | HP: 4/81 [killer bee (2)]
  9164 | D:7      | HP: 1/81 [killer bee (3)]
  9165 | D:7      | Succumbed to a killer bee's poison

Skill      XL: |  1  2  3  4  5  6  7  8 |
---------------+-------------------------+-----
Unarmed Combat | 4 5 6 7 |  7.0
Poison Magic   | 1 2 4 6 |  6.0
Transmutations | 3 5 |  5.0
Spellcasting   | 4 |  4.0
Dodging        | 3 |  3.3
Fighting       | |  1.1

Action                   |  1- 3 |  4- 6 |  7- 9 || total
-------------------------+-------+-------+-------++-------
Melee: Unarmed           |   120 |   173 |   126 ||   419
       Headbutt          |    14 |    12 |    11 ||    37
       Punch             |     2 |       |     3 ||     5
       Tailslap          |       |       |     2 ||     2
       Staff             |       |       |     6 ||     6
 Fire: Hunting sling     |       |     3 |       ||     3
Throw: Stone             |       |     8 |    11 ||    19
       Tomahawk          |       |     6 |    28 ||    34
 Cast: Beastly Appendage |    13 |    12 |     5 ||    30
       Sticks to Snakes  |       |     6 |     4 ||    10
       Spider Form       |       |     9 |    13 ||    22
 Abil: End Transformatio |       |       |     1 ||     1
Evoke: Wand              |       |       |     5 ||     5
  Use: Scroll            |       |     5 |     1 ||     6
       Potion            |       |     1 |     3 ||     4
 Stab: Sleeping          |     4 |       |     2 ||     6
  Eat: Chunk             |     1 |     9 |     3 ||    13
       Ration            |       |     1 |     4 ||     5
Armor: Robe              |    29 |    13 |    18 ||    60
       Skin              |       |     1 |       ||     1
Dodge: Dodged            |    83 |   107 |   128 ||   318
